 Dungeon Crawl Stone Soup version 0.31-a0-217-g58bb5d79cf (webtiles) character file.

Game seed: 13333934708465555105

556 qw the Shooter (level 7, -3/43 HPs)
             Began as a Gargoyle Hexslinger on July 2, 2023.
             Slain by a gnoll
             ... wielding a +0 halberd
              (7 damage)
             ... on level 3 of the Dungeon.
             The game lasted 00:01:28 (3066 turns).

qw the Shooter (Gargoyle Hexslinger)                Turns: 3066, Time: 00:01:29

Health: -3/43      AC: 10    Str: 18    XL:     7   Next: 30%
Magic:  7/7        EV: 11    Int: 13    God:
Gold:   242        SH:  0    Dex: 14    Spells: 7/8 levels left

rFire   . . .        Y - +1 sling (chaos)
rCold   + . .        (no shield)
rNeg    + . .        b - +0 ring mail
rPois   inf          (helmet restricted)
rElec   +            (no cloak)
rCorr   .            (no gloves)
SInv    .            (no boots)
Will    .....        (no amulet)
Stlth   +            f - +6 ring of strength
HPRegen 0.27/turn    (no ring)
MPRegen 0.10/turn

%: no passive effects
@: no status effects
A: sickness immunity, AC +4, negative energy resistance 1, electricity
resistance, torment resistance 1, petrification resistance, horns 1, cold
resistance 1, low MP 1
a: no special abilities


You were on level 3 of the Dungeon.
You visited 1 branch of the dungeon, and saw 4 of its levels.

You collected 242 gold pieces.


Innate Abilities, Weirdness & Mutations

You are immune to sickness and miasma.
Your stone body is resilient. (AC +4)
You are immune to poison.
You resist negative energy. (rN+)
You are resistant to electric shocks. (rElec)
You are resistant to unholy torment.
You are immune to petrification.
You have a pair of small horns on your head.
Your flesh is cold resistant. (rC+)
Your magical capacity is low. (-10% MP)


   Skills:
 - Level 4.0 Fighting
 + Level 6.8 Ranged Weapons
 - Level 1.0 Armour
 - Level 1.5 Dodging
 - Level 1.0 Spellcasting
 - Level 2.6 Hexes


You had 7 spell levels left.
You knew the following spells:

 Your Spells              Type           Power      Damage    Failure   Level
a - Slow                  Hex            28%        N/A       17%         1

Your spell library contained the following spells:

 Spells                   Type           Power      Damage    Failure   Level
 Inner Flame              Hex/Fire       4%         N/A       65%         3
 Portal Projectile        Hex/Tloc       8%         N/A       65%         3
 Cause Fear               Hex            3%         N/A       86%         4

Inventory:

Hand Weapons
 Y - a +1 sling of chaos (weapon)
Armour
 b - a +0 ring mail (worn)
Jewellery
 f - a +6 ring of strength (left hand)
Scrolls
 d - a scroll of revelation {unknown}
 e - a scroll of summoning {unknown}
Potions
 a - a potion of lignification {unknown}
 c - a potion of degeneration {unknown}
 h - a potion of brilliance {unknown}

Dungeon Overview and Level Annotations

Branches:
Dungeon (4/15)
 Temple: D:4-7

Altars:
Uskayaw


Message History

You shoot a sling bullet.
The sling bullet closely misses the gnoll.
The sling bullet barely misses the gnoll.
The gnoll hits you from afar with a +0 halberd!
You shoot a sling bullet. The sling bullet hits the gnoll.
The gnoll is poisoned.
The gnoll is moderately wounded.
The gnoll hits you from afar with a +0 halberd!
The gnoll hits you but does no damage. The gnoll closely misses you.
You shoot a sling bullet. The sling bullet hits the gnoll.
The sling bullet burns the gnoll.
The gnoll is almost dead.
The gnoll barely misses you. The gnoll hits you with a +0 flail.
The gnoll closely misses you.
You shoot a sling bullet. The sling bullet hits the gnoll.
The sling bullet burns the gnoll.
You kill the gnoll!
The gnoll hits you from afar with a +0 halberd.
The gnoll closely misses you.
You shoot a sling bullet. The sling bullet hits the gnoll.
The gnoll resists with some effort.
The gnoll is moderately wounded.
The gnoll misses you. The gnoll completely misses you.
The gnoll hits you but does no damage. The gnoll closely misses you.
You shoot a sling bullet.
The sling bullet barely misses the gnoll.
The gnoll hits you from afar with a +0 halberd.
The gnoll hits you with a +0 flail.
You shoot a sling bullet. The sling bullet hits the gnoll.
The sling bullet freezes the gnoll.
The gnoll is heavily wounded.
The gnoll barely misses you. The gnoll hits you with a +0 flail.
You shoot a sling bullet. The sling bullet hits the gnoll.
You kill the gnoll!
The gnoll hits you from afar with a +0 halberd.
You shoot a sling bullet. The sling bullet hits the gnoll.
The gnoll seems to speed up.
The gnoll is moderately wounded.
The gnoll hits you from afar with a +0 halberd!
You die...

....#..)...'....#)###
....###.##.#%.....#
....#....#.#....###
....#########')##.#
.(..#.......^.....#
....'..8#...))....#
....'..8#..##)'##.#
8).8#......#....###
############.)..@)#
........[..'....#)#
#################g..
...# #### ~~ ~~~ ...


You could see a gnoll (fast).

Vanquished Creatures
  A kobold brigand (D:3)
  3 hounds (D:3)
  Terence (D:3)
  An iguana (D:4)
  Natasha (D:3)
  18 gnolls (D:3)
  5 adders
  A worm (D:1)
  3 dart slugs
  16 orcs (D:3)
  4 bats
  4 endoplasms
  4 giant cockroaches
  2 goblins (D:1)
  4 hobgoblins
  13 jackals
  6 kobolds
  3 quokkas
  2 frilled lizards
  4 rats (D:2)
96 creatures vanquished.

Vanquished Creatures (others)
  A jackal zombie (D:3)
1 creature vanquished.

Grand Total: 97 creatures vanquished

Notes
Turn   | Place    | Note
-------+----------+-------------------------------------------
     0 | D:1      | qw the Gargoyle Hexslinger began the quest for the Orb.
     0 | D:1      | Reached XP level 1. HP: 12/12 MP: 2/2
     0 | D:1      | 0 ||| qw: Version: 0.3-a-40-ge99b1a8
     0 | D:1      | 0 ||| qw: Game counter: 84
     0 | D:1      | 0 ||| qw: Melee chars always use a shield: true
     0 | D:1      | 0 ||| qw: God list: Okawaru
     0 | D:1      | 0 ||| qw: Allow faded altars: false
     0 | D:1      | 0 ||| qw: Do Orc after clearing Dungeon:15 true
     0 | D:1      | 0 ||| qw: Do second Lair branch before Depths: true
     0 | D:1      | 0 ||| qw: Lair rune preference: random
     0 | D:1      | 0 ||| qw: Goals: Normal
     0 | D:1      | 0 ||| PLANNING D:1-11
   173 | D:1      | Reached XP level 2. HP: 16/16 MP: 3/3
   175 | D:1      | Found a faded altar of an unknown god.
   234 | D:1      | Reached skill level 3 in Ranged Weapons
   261 | D:1      | 261 ||| FLEEEEING.
   262 | D:1      | 262 ||| FLEEEEING.
   263 | D:1      | 263 ||| FLEEEEING.
   444 | D:1      | Reached XP level 3. HP: 21/21 MP: 4/4
   937 | D:1      | 937 ||| UPGRADING to +6 ring of strength.
   938 | D:1      | 938 ||| READING scroll labelled AMOUVEBAEL.
   939 | D:1      | 939 ||| READING scroll labelled LOFIOR CUYCAN.
   940 | D:1      | 940 ||| READING scroll labelled COCWOCESUK.
   941 | D:1      | 941 ||| DROPPING scroll of poison.
  1056 | D:2      | Found a hide-covered altar of Uskayaw.
  1172 | D:2      | HP: 5/21 [quokka (4)]
  1309 | D:2      | Reached skill level 4 in Ranged Weapons
  1309 | D:2      | Reached XP level 4. HP: 26/26 MP: 5/5
  1639 | D:2      | 1639 ||| UPGRADING to +0 ring mail.
  1649 | D:2      | 1649 ||| DROPPING +0 robe.
  1687 | D:3      | Reached skill level 1 in Armour
  1709 | D:3      | You fall into a shaft and drop 1 floor!
  1730 | D:4      | HP: 4/26 [iguana (6)]
  1890 | D:3      | Reached XP level 5. HP: 30/30 MP: 6/6
  1890 | D:3      | Noticed Terence
  1899 | D:3      | Killed Terence
  2104 | D:3      | Noticed Natasha
  2111 | D:3      | Killed Natasha
  2112 | D:3      | Reached skill level 5 in Ranged Weapons
  2200 | D:3      | HP: 7/32 [orc/+0 hand axe (4)]
  2209 | D:3      | Reached skill level 3 in Fighting
  2263 | D:3      | 2263 ||| FLEEEEING.
  2273 | D:3      | 2273 ||| STAIRDANCE
  2310 | D:2      | 2310 ||| DRINKING 2 ruby potions.
  2311 | D:2      | 2311 ||| DRINKING 2 fuming orange potions.
  2311 | D:2      | Gained mutation: You are agile. (Dex +4, Str/Int -1)
                  | [potion of mutation]
  2311 | D:2      | Gained mutation: You sometimes lose your temper in combat.
                  | [potion of mutation]
  2311 | D:2      | Gained mutation: Your flesh is cold resistant. (rC+)
                  | [potion of mutation]
  2312 | D:2      | 2312 ||| DRINKING potion of mutation.
  2312 | D:2      | Lost mutation: You are agile. (Dex +4, Str/Int -1) [potion
                  | of mutation]
  2312 | D:2      | Lost mutation: You sometimes lose your temper in combat.
                  | [potion of mutation]
  2312 | D:2      | Gained mutation: You have a pair of small horns on your
                  | head. [potion of mutation]
  2312 | D:2      | Gained mutation: Your magical capacity is low. (-10% MP)
                  | [potion of mutation]
  2333 | D:3      | Reached XP level 6. HP: 21/37 MP: 6/6
  2339 | D:3      | 2339 ||| FLEEEEING.
  2474 | D:3      | HP: 7/37 [orc/+0 flail (8)]
  2474 | D:3      | HP: 1/37 [kobold brigand/+0 dagger (6)]
  2475 | D:3      | 2475 ||| DRINKING 2 potions of heal wounds.
  2481 | D:3      | Reached skill level 6 in Ranged Weapons
  2488 | D:3      | HP: 9/37 [gnoll/+1 whip of flaming (1)]
  2489 | D:3      | 2489 ||| DRINKING potion of heal wounds.
  2661 | D:3      | 2661 ||| Stepping ~*~*~tactically~*~*~ (outnumbered).
  2676 | D:3      | HP: 9/38 [gnoll/+0 halberd (9)]
  2678 | D:3      | HP: 3/38 [gnoll/+0 halberd (7)]
  2841 | D:3      | 2841 ||| Stepping ~*~*~tactically~*~*~ (outnumbered).
  2858 | D:3      | Reached XP level 7. HP: 21/43 MP: 7/7
  3064 | D:3      | HP: 9/43 [gnoll/+0 flail (4)]
  3065 | D:3      | HP: 3/43 [gnoll/+0 halberd (6)]
  3066 | D:3      | Slain by a gnoll

Levels and vault maps discovered:
D:1:      dpeg_arrival_brainrot, layout_basic,
          hellmonk_ecumenical_altar_run_dry, serial_glass, glass_columns_b,
          glass_columns_b, minmay_split_cup_small
D:2:      layout_basic, basic_altar
D:3:      lemuel_castle_with_subvaults [lemuel_castle_interior_carwin_2],
          layout_basic, serial_glass, glass_columns_b, glass_columns_b,
          uniq_natasha, uniq_terence
D:4:      layout_cave_pods, mainiacjoe_overflow_concentric_impassable

Skill      XL: |  1  2  3  4  5  6 |
---------------+-------------------+-----
Ranged Weapons | 3 4 5 6 |  6.8
Fighting       | 2 3 4 |  4.0
Armour         | 1 |  1.0
Dodging        | |  1.5
Spellcasting   | |  1.0
Hexes          | |  2.6

Action                     |  1- 3 |  4- 6 |  7- 9 || total
---------------------------+-------+-------+-------++-------
  Melee: Unarmed           |       |     3 |       ||     3
   Fire: Sling             |   128 |   239 |    36 ||   403
    Use: Scroll            |     3 |       |       ||     3
         Potion            |       |     5 |       ||     5
 Armour: Robe              |    24 |     2 |       ||    26
         Ring mail         |       |    71 |    33 ||   104
  Dodge: Dodged            |    58 |   132 |    37 ||   227

Table legend:
 A = Non-vault XP
 B = Vault XP
 C = Vault XP percentage of total XP
 D = Non-vault monster count
 E = Vault monster count
 F = Vault count percentage of total count
                 A         B        C        D         E       F
            +---------+---------+-------+---------+---------+-------
      Total |     186 |     609 |  76.6 |      50 |      46 |  47.9
            +---------+---------+-------+---------+---------+-------
        D:1 |      37 |      13 |  26.0 |      19 |       4 |  17.4
        D:2 |      47 |       0 |   0.0 |      14 |       0 |   0.0
        D:3 |      65 |     596 |  90.2 |      15 |      42 |  73.7
        D:4 |      37 |       0 |   0.0 |       2 |       0 |   0.0
            +---------+---------+-------+---------+---------+-------
